 Dungeon Crawl Stone Soup version 0.28-a0-1117-g0bdd5ba030 (webtiles) character file.

Game seed: 16432524705378847849

0 spiderkeys the Skirmisher (level 1, -1/20 HPs)
             Began as a Djinni Abyssal Knight on Dec 12, 2021.
             Was a Follower of Lugonu.
             Killed from afar by a starcursed mass (10 damage)
             ... with an accursed screaming
             ... on level 1 of the Abyss.
             The game lasted 00:00:30 (308 turns).

spiderkeys the Skirmisher (Djinni Abyssal Knight)    Turns: 308, Time: 00:00:30

Health: -1/20      AC:  3    Str: 12    XL:     1   Next: 0%
Gold:   0          EV: 12    Int: 11    God:    Lugonu [*.....] SH:  0 Dex: 13

rFire   + + .      SeeInvis .   a - +1 falchion
rCold   x . .      Faith    .   (no shield)
rNeg    . . .      Spirit   .   b - +0 leather armour rPois โˆž Reflect .
                                (no helmet)
rElec   .          Harm     .   (no cloak)
rCorr   .          Rampage  .   (no gloves)
Will    .....                   (boots unavailable)
Stlth   +.........              (no amulet)
HPRegen 0.06/turn               (no ring)
MPRegen 0.00/turn               (no ring)

@: flying, slowed, very slow
A: sickness immunity, fire resistance 2, cold vulnerability 1, float, innate
caster, hp casting, extra vitality 1
a: Renounce Religion, Depart the Abyss


You were on level 1 of the Abyss.
You worshipped Lugonu.
Lugonu was aware of your devotion.
You visited 0 branches of the dungeon, and saw 0 of its levels.
You visited the Abyss 1 time.


Innate Abilities, Weirdness & Mutations

You are immune to sickness and miasma.
You are immune to poison.
Your flesh is very heat resistant. (rF++)
You are vulnerable to cold. (rC-)
You float through the air rather than walking.
You learn spells naturally, not from books.
Your magical power is your life essence.
You have superior vitality. (+4 HP)


   Skills:
 + Level 3.0 Fighting
 + Level 1.7 Long Blades
 + Level 1.0 Armour
 + Level 2.1 Dodging
 + Level 1.7 Invocations


You couldn't memorise any spells.
You didn't know any spells.
Your spell library was empty.

Inventory:

Hand Weapons
 a - a +1 falchion (weapon)
Missiles
 c - 5 poisoned darts
Armour
 b - a +0 leather armour (worn)

Dungeon Overview and Level Annotations

Branches:
Dungeon (0/15)

Altars:

.....{#โ‰ˆ#
...##..#
......*..... ....#
#.#..........###.#
...##.#.####... .
..####ยง..## ..# #
##..##L..#..##
.###...#...#
#.##.##L...#
##..#@...X#...
#...#...##X..#
#........# #.X.
##.##.##.. #...
..# ## ##. #.. ##.
#. ## . .. ##


You could see 2 starcursed masses and a lich (fast).


Message History

๐Ÿค– Initializing magus.rc ... โœ… Successfully initialized magus.rc [v1.9.10] Welcome, spiderkeys the Djinni Abyssal Knight.
It is said that the Orb of Zot exists deep within this dungeon.
Lugonu says: Depart the Abyss and spread corruption, my servant! (use the ability menu to exit the Abyss) Press ? for a list of commands and other information.
Found a corrupted altar of Lugonu.
Unknown command.
Found a gateway leading out of the Abyss.
There is a gateway leading out of the Abyss here.
There is a gateway leading out of the Abyss here.
There is a gateway leading out of the Abyss here.
There is a corrupted altar of Lugonu here.
There is a corrupted altar of Lugonu here.
c - 5 poisoned darts A lurking horror comes into view.
A lurking horror is nearby!
Unknown command.
Found a corrupted altar of Lugonu.
Your body is wracked with pain! ๐Ÿ˜ฎ HP[-9]
You take 9 damage, and now have 11/20 hp.
MASSIVE DAMAGE!! (PAUSE) ๐Ÿ˜ฎ HP[+1] ๐Ÿ˜ฎ HP[+1]
Found a burning altar of Makhleb. ๐Ÿ˜ฎ HP[+1]
A lich comes into view.
The lich shouts!
The lich launches a ball of destructive magic.
An orb of destruction comes into view.
A large abomination comes into view.
The lich gestures at you while chanting.
You feel yourself slow down. ๐Ÿ˜ฎ HP[+1]
The lich gestures wildly while chanting.
The lich flickers and vanishes!
Deactivating autopickup; reactivate with Ctrl-A.
Something conjures a glowing orb.
An orb of destruction comes into view.
The orb of destruction hits a rock wall. ๐Ÿ˜• HP[+1]
Something conjures a glowing orb.
An orb of destruction comes into view.
The orb of destruction hits a rock wall.
Something conjures a glowing orb.
An orb of destruction comes into view.
A starcursed mass comes into view. ๐Ÿ˜• HP[+1]
The starcursed mass shrieks in your mind.
* * * LOW HITPOINT WARNING * * *
๐Ÿ˜จ HP[-8]
You take 8 damage, and now have 9/20 hp.
MASSIVE DAMAGE!! (PAUSE)
A starcursed mass splits.
A chorus of shrieks assaults your mind.
Ouch! That really hurt!
You die...

Levels and vault maps discovered:
Abyss:1:  base: Temple, base: Temple, minivault_4, minivault_4,
          lemuel_flamethrower_2

Notes
Turn   | Place    | Note
-------+----------+-------------------------------------------
     0 | Abyss:1  | spiderkeys the Djinni Abyssal Knight began the quest for
                  | the Orb.
     0 | Abyss:1  | Reached XP level 1. HP: 20/20 MP: 0/0
     0 | Abyss:1  | magus.rc [v1.9.10]
   120 | Abyss:1  | Found a corrupted altar of Lugonu.
   225 | Abyss:1  | Found a corrupted altar of Lugonu.
   256 | Abyss:1  | Found a burning altar of Makhleb.
   268 | Abyss:1  | Noticed a lich
   271 | Abyss:1  | Noticed a large abomination
   306 | Abyss:1  | Noticed a starcursed mass
   308 | Abyss:1  | Killed from afar by a starcursed mass

Vanquished Creatures (others)
  A lurking horror (Abyss:1)
1 creature vanquished.

Table legend:
 A = Non-vault XP
 B = Vault XP
 C = Vault XP percentage of total XP
 D = Non-vault monster count
 E = Vault monster count
 F = Vault count percentage of total count
                 A         B        C        D         E       F
            +---------+---------+-------+---------+---------+-------
      Total |       0 |       0 |   N/A |       0 |       0 |  -nan
            +---------+---------+-------+---------+---------+-------
            +---------+---------+-------+---------+---------+-------

Illustrated notes

Table legend: (Time is in decaauts)
 A = Elapsed time spent in this place.
 B = Non-inter-level travel time spent in this place.
 C = Inter-level travel time spent in this place.
 D = Time resting spent in this place.
 E = Time spent auto-exploring this place.
 F = Levels seen in this place.
 G = Mean time per level.
                   A        B        C        D        E       F      G
               +--------+--------+--------+--------+--------+-----+--------+
         Total |    320 |    320 |      0 |      0 |    213 |   1 |  320.0 |
         Abyss |    320 |    320 |      0 |      0 |    213 |   1 |  320.0 |
               +--------+--------+--------+--------+--------+-----+--------+

Top non-repeatable levels by time:
 Abyss:1: 320 daAuts
